 Dungeon Crawl Stone Soup version 0.30.1-11-g7821555f0a (webtiles) character file.

Game seed: 7857874798271810755

2554 PurpleCat the Cleaver (level 9, 0/75 HPs)
             Began as a Minotaur Fighter on Nov 9, 2023.
             Slain by a vampire (6 damage)
             ... on level 7 of the Dungeon.
             The game lasted 00:34:52 (5785 turns).

PurpleCat the Cleaver (Minotaur Fighter)            Turns: 5785, Time: 00:34:52

Health: 0/75       AC: 10    Str: 24    XL:     9   Next: 31%
Magic:  8/8        EV:  8    Int:  5    God:
Gold:   260        SH:  0    Dex: 17    Spells: 8/8 levels left

rFire   . . .        E - +0 battleaxe
rCold   . . .        (shield currently unavailable)
rNeg    . . .        r - +0 chain mail
rPois   .            (helmet restricted)
rElec   .            (no cloak)
rCorr   .            (no gloves)
SInv    .            (no boots)
Will    .....        j - amulet of regeneration Stlth
                     l - +6 ring of dexterity
HPRegen 1.12/turn    z - ring of flight
MPRegen 0.11/turn

%: no passive effects
@: flying
A: horns 2, retaliatory headbutt
a: no special abilities


You were on level 7 of the Dungeon.
You visited 2 branches of the dungeon, and saw 8 of its levels.

You collected 260 gold pieces.

Inventory:

Hand Weapons
 a - a +0 war axe
 E - a +0 battleaxe (weapon)
Missiles
 q - 52 stones (quivered)
Armour
 c - a +0 buckler
 r - a +0 chain mail (worn)
 u - a scarf of harm
Jewellery
 j - an amulet of regeneration (around neck)
 l - a +6 ring of dexterity (left hand)
 z - a ring of flight (right hand)
Wands
 o - a wand of flame (45)
 y - a wand of quicksilver (15)
 B - a wand of digging (5)
Scrolls
 b - a scroll of fog {unknown}
 e - 2 scrolls of identify
 g - 6 scrolls of teleportation
 i - a scroll of blinking {unknown}
 k - a scroll of enchant armour {unknown}
 n - a scroll of fear {unknown}
 s - a scroll of brand weapon {unknown}
 t - a scroll of silence {unknown}
 v - a scroll of poison {unknown}
 A - 2 scrolls of immolation {unknown}
 D - 2 scrolls of magic mapping {unknown}
Potions
 d - a potion of might
 f - 2 potions of flight {unknown}
 h - 2 potions of cancellation
 m - 2 potions of heal wounds
 p - 3 potions of curing
 w - a potion of ambrosia {unknown}
 x - 2 potions of lignification
 C - a potion of attraction {unknown}
 F - a potion of degeneration {unknown}


   Skills:
 - Level 5.9 Fighting
 + Level 12.8 Axes
 - Level 5.9 Armour
 - Level 5.9 Shields


You had 8 spell levels left.
You didn't know any spells.
Your spell library contained the following spells:

 Spells                   Type           Power      Damage    Failure   Level
 Freeze                   Ice            0%         1d3       95%         1
 Ensorcelled Hibernation  Hex/Ice        0%         N/A       99%         2
 Passwall                 Tmut/Erth      0%         N/A       99%         2
 Frozen Ramparts          Ice            0%         1d1       100%        3
 Hailstorm                Conj/Ice       0%         3d3       100%        3
 Inner Flame              Hex/Fire       0%         N/A       100%        3
 Swiftness                Air            0%         N/A       100%        3
 Vhi's Electric Charge    Tloc/Air       0%         N/A       100%        3
 Arcjolt                  Conj/Air       0%         1d10      100%        5
 Yara's Violent Unravell  Hex/Tmut       0%         3d3       100%        5
 Enfeeble                 Hex            0%         N/A       100%        7
 Maxwell's Capacitive Co  Air            0%         ∞         100%        8


Dungeon Overview and Level Annotations

Branches:
Dungeon (7/15)             Temple (1/1) D:7

Altars:
Ashenzari
Cheibriados
Elyvilon
Fedhas
Gozag
Kikubaaqudgha
Makhleb
Nemelex Xobeh
Uskayaw
Vehumet
Wu Jian
Xom
Yredelemnul
Zin
The Shining One

Shops:
D:2 [   D:3 [


Innate Abilities, Weirdness & Mutations

You have a pair of horns on your head.
You reflexively headbutt those who attack you in melee.


Message History

Something draws strength from your injuries!
Something hits you. Something bites you!
Something draws strength from your injuries!
The orc barely misses you.
Things that are here:
a +0 club; an orc corpse You barely miss the orc.
You closely miss something. Something hits you but does no damage.
Something bites you but does no damage. The orc barely misses you.
You slash the orc!
You kill the orc!
You slash something! You slash the wyvern!
The wyvern hisses menacingly.
The wyvern bites you but does no damage.
Something hits you but does no damage. Something bites you but does no damage.
The wyvern attacks as you move away! The wyvern bites you!
* * * LOW HITPOINT WARNING * * *
The wyvern bites you but does no damage.
There is an open door here.
Things that are here:
a +0 hand axe; a +0 plate armour; an orc corpse The wyvern attacks as you move away!
The wyvern bites you!
* * * LOW HITPOINT WARNING * * *
The wyvern bites you.
* * * LOW HITPOINT WARNING * * *
The wyvern barely misses you.
You barely miss the wyvern.
The wyvern is moderately wounded.
The wyvern bites you but does no damage.
You hit the wyvern.
The wyvern is heavily wounded.
The wyvern completely misses you. You furiously retaliate!
You headbutt the wyvern!
The wyvern hisses menacingly.
The wyvern bites you!
* * * LOW HITPOINT WARNING * * *
You slash the wyvern!
You kill the wyvern!
Something hits you.
You die...

#...........##..####.....####.#
......#...####..# ##....# ..#
....####..####..#####...## ..#
...## #.................### ...
..## #.####.....####..##.. ###
#..# #.#(.##...##..#..... ##.##
#.#...##.##...#....##
##..###.##...#.#...##..###
##.......##.†#.#@.##....##
#.........###..{###......#
#.##..........8........#. #.#
..##......###...###...## .###..
.........## +#.#+ ##..# #..##..
........## #.# ##.# #.....##
........# ##.## #.# ##..#...#
........# ##...## #.###...#....
........####.....####.##....#....


There were no monsters in sight!

Vanquished Creatures
  Joseph (D:7)
  A wyvern (D:7)
  Edmund (D:5)
  An orc warrior (D:5)
  A black bear (D:5)
  A sky beast (D:6)
  2 ice beasts
  2 ogres
  A centaur (D:7)
  2 phantoms (D:6)
  A bullfrog (D:7)
  4 wights (D:6)
  A howler monkey (D:7)
  A jelly (D:6)
  4 hounds
  2 orc priests
  2 sleepcaps
  Jessica (D:2)
  5 iguanas
  Natasha (thrice) (D:2)
  Terence (D:2)
  4 orc wizards
  A gnoll (D:1)
  7 adders
  A shadow imp (D:5)
  A white imp (D:7)
  2 ufetubi
  3 worms
  2 dart slugs
  25 orcs
  6 endoplasms
  4 goblins
  5 hobgoblins
  3 quokkas
  4 ball pythons
  7 bats
  4 frilled lizards
  6 kobolds
  4 rats
127 creatures vanquished.

Notes
Turn   | Place    | Note
-------+----------+-------------------------------------------
     0 | D:1      | PurpleCat the Minotaur Fighter began the quest for the Orb.
     0 | D:1      | Reached XP level 1. HP: 19/19 MP: 0/0
   288 | D:1      | Found a faded altar of an unknown god.
   293 | D:1      | Reached XP level 2. HP: 26/27 MP: 1/1
   756 | D:2      | Noticed Natasha
   767 | D:2      | Reached skill level 3 in Axes
   767 | D:2      | Reached XP level 3. HP: 27/33 MP: 2/2
   872 | D:2      | Killed Natasha
   951 | D:2      | Reached XP level 4. HP: 35/41 MP: 3/3
  1107 | D:2      | Noticed Jessica
  1120 | D:2      | Killed Jessica
  1334 | D:2      | Found Agokhuf's Armour Shoppe.
  1348 | D:2      | Noticed Terence
  1356 | D:2      | Killed Terence
  1403 | D:2      | Noticed Natasha
  1411 | D:2      | Killed Natasha
  1412 | D:2      | Reached XP level 5. HP: 16/47 MP: 4/4
  1418 | D:2      | Noticed Natasha
  1443 | D:2      | HP: 1/47 [Natasha (5)]
  1444 | D:2      | Killed Natasha
  1445 | D:2      | Reached skill level 4 in Axes
  2015 | D:3      | Found Mefe's Armour Boutique.
  2025 | D:3      | Reached skill level 5 in Armour
  2039 | D:3      | Reached skill level 5 in Fighting
  2039 | D:3      | Reached skill level 5 in Shields
  2169 | D:3      | Reached XP level 6. HP: 53/56 MP: 5/5
  2238 | D:3      | Found a blossoming altar of Fedhas.
  2238 | D:3      | Found a radiant altar of Vehumet.
  2322 | D:3      | Found a snail-covered altar of Cheibriados.
  2759 | D:4      | Found a glowing silver altar of Zin.
  2759 | D:4      | Found a broken altar of Ashenzari.
  2837 | D:4      | Reached skill level 5 in Axes
  3096 | D:5      | Entered Level 5 of the Dungeon
  3139 | D:5      | Reached XP level 7. HP: 53/62 MP: 6/6
  3152 | D:5      | Noticed Edmund
  3164 | D:5      | Killed Edmund
  3236 | D:5      | Found a white marble altar of Elyvilon.
  3303 | D:5      | Reached skill level 6 in Axes
  3581 | D:5      | Reached skill level 7 in Axes
  3863 | D:6      | Reached XP level 8. HP: 70/70 MP: 7/7
  3882 | D:6      | Reached skill level 8 in Axes
  3951 | D:6      | Found a glowing golden altar of the Shining One.
  4228 | D:6      | Reached skill level 9 in Axes
  4482 | D:6      | Reached skill level 10 in Axes
  4800 | D:6      | Reached skill level 11 in Axes
  5222 | D:7      | Noticed Joseph
  5259 | D:7      | Killed Joseph
  5260 | D:7      | Reached skill level 12 in Axes
  5260 | D:7      | Reached XP level 9. HP: 27/75 MP: 8/8
  5592 | D:7      | Found a staircase to the Ecumenical Temple.
  5600 | Temple   | Entered the Ecumenical Temple
  5783 | D:7      | HP: 3/75 [wyvern (11)]
  5785 | D:7      | Slain by a vampire

Illustrated notes

Levels and vault maps discovered:
D:1:      grunt_arrival_crossed_arrows, layout_basic,
          chequers_ecumenical_altar_simple_redux
D:2:      layout_loops_corners, serial_shops, shop_statue, uniq_natasha,
          uniq_jessica, uniq_terence
D:3:      layout_rooms, cheibrodos_worm_habitat,
          gammafunk_temple_overflow_pools, serial_shops,
          nicolae_shop_pleasant_corner_grove
D:4:      layout_cave_pools, nicolae_overflow_two_pavilions
D:5:      layout_cave_pools, elyvilon_altar_1, uniq_edmund
D:6:      layout_layer_cave, tso_oasis_becter
D:7:      cheibrodos_barr_body, layout_layer_cave, amcnicky_altar_gilded,
          minmay_temple_entry_nine_rooms, kennysheep_generic_room_2,
          uniq_crazy_yiuf_cottage, uniq_joseph
Temple:   hellmonk_temple_beads

Skill      XL: |  1  2  3  4  5  6  7  8 |
---------------+-------------------------+-----
Fighting       | 4 5 |  5.9
Armour         | 4 5 |  5.9
Shields        | 4 5 |  5.9
Axes           | 3 4 5 7 12 | 12.8

Action                     |  1- 3 |  4- 6 |  7- 9 || total
---------------------------+-------+-------+-------++-------
  Melee: War axe           |    48 |   145 |   112 ||   305
         Headbutt          |     5 |    21 |    35 ||    61
         Battleaxe         |       |       |    39 ||    39
  Throw: Stone             |       |       |     4 ||     4
    Use: Scroll            |       |       |     6 ||     6
 Armour: Scale mail        |    25 |    12 |       ||    37
         Chain mail        |       |    35 |    62 ||    97
  Dodge: Dodged            |    21 |    47 |    44 ||   112
  Block: Buckler           |    10 |    29 |    24 ||    63
